 Dungeon Sprint DCSS version 0.27-a0-1158-gaa87e14f67 (webtiles) character file.

Game seed: 4749892348415306764

11042 Zeld the Peltast (level 11, -3/93 HPs)
             Began as an Octopode Fighter on May 16, 2021.
             Was the Champion of Jiyva.
             Slain by a sun demon (15 damage)
             ... summoned by an orc sorcerer
             ... in the Dungeon (Sprint V: "Ziggurat Sprint").
             The game lasted 00:06:10 (445 turns).

Zeld the Peltast (Octopode Fighter)                  Turns: 445, Time: 00:06:11

Health: -3/93      AC:  1    Str: 37    XL:     11   Next: 71%
Magic:  11/11      EV: 12    Int: 10    God:    Jiyva [******]
Gold:   0          SH: 34    Dex: 12    Spells: 10/10 levels left

rFire    . . .     SeeInvis .   b - +5 broad axe (drain)
rCold    . . .     Faith    .   a - +7 tower shield
rNeg     . . .     Spirit   .   (helmet restricted)
rPois    .         Reflect  .   (no amulet)
rElec    +         Harm     .   u - +6 ring of strength
rCorr    +         Rampage  .   v - +6 ring of strength
Will     .....     NoTele   +   y - ring of wizardry
Stlth    ++........             z - +6 ring of strength
HPRegen  0.25/turn              (no ring)
MPRegen  0.12/turn              (no ring)
                                (no ring)
                                (no ring)

@: studying Stealth
A: almost no armour, amphibious, 8 rings, camouflage 1, gelatinous body 1,
(nimble swimmer 1), tentacles, antennae 1, tentacle spike 1, large bone plates
1, mutation resistance 1, electricity resistance, acidic bite, eyeballs 1,
pseudopods 1, tendrils, MP-powered wands, engulf
a: Renounce Religion, Request Jelly, Slimify, Cure Bad Mutation


You were in the Dungeon.
You worshipped Jiyva.
Jiyva was exalted by your worship.
You visited 1 branch

Inventory:

Hand Weapons
 b - a +5 broad axe of draining (weapon)
Armour
 a - a +7 tower shield (worn)
Jewellery
 u - a +6 ring of strength (left tentacle)
 v - a +6 ring of strength (right tentacle)
 y - a ring of wizardry (on tentacle)
 z - a +6 ring of strength (on tentacle)
 D - the ring "Lyrohuos" {rPois Will+}
   (You found it in the Dungeon)

   [ring of willpower]

   It protects you from poison.
   It increases your willpower.
Wands
 r - a wand of mindburst (7)
 s - a wand of iceblast (4)
 t - a wand of acid (7)
Scrolls
 i - 3 scrolls of blinking
 j - 4 scrolls of amnesia
 k - 7 scrolls of fog
 l - a scroll of holy word
 m - 5 scrolls of identify
 n - 2 scrolls of fear
Potions
 c - 6 potions of might
 d - 5 potions of curing
 f - 5 potions of haste
 g - 7 potions of magic
 h - 3 potions of berserk rage
 o - 2 potions of brilliance
 p - a potion of invisibility
 q - 4 potions of resistance
Miscellaneous
 e - a phantom mirror
 w - a lightning rod (4/4)
 x - a tin of tremorstones (2/2)
 A - a tin of tremorstones (2/2)
 B - a condenser vane


   Skills:
 * Level 16.1 Fighting
 * Level 16.0 Axes
 - Level 3.0 Dodging
 * Level 16.1 Shields


You had 10 spell levels left.
You didn't know any spells.
Your spell library contained the following spells:

 Spells                   Type           Power      Damage    Failure   Level
 Magic Dart               Conj           0%         1d3       41%         1
 Sandblast                Erth           0%         2d4       41%         1
 Shock                    Conj/Air       0%         1d3       41%         1
 Blink                    Tloc           N/A        N/A       54%         2
 Passwall                 Tmut/Erth      0%         N/A       54%         2
 Poisonous Vapours        Pois/Air       0%         N/A       54%         2
 Searing Ray              Conj           0%         3d3       54%         2
 Dazzling Flash           Conj/Hex       0%         N/A       77%         3
 Gell's Gravitas          Tloc           0%         N/A       77%         3
 Inner Flame              Hex/Fire       0%         N/A       77%         3
 Lesser Beckoning         Tloc           0%         N/A       77%         3
 Stone Arrow              Conj/Erth      0%         3d7       77%         3
 Swiftness                Air            0%         N/A       77%         3
 Teleport Other           Tloc           0%         N/A       77%         3
 Fulminant Prism          Conj/Hex       0%         3d6       98%         4
 Ice Form                 Ice/Tmut       0%         N/A       98%         4
 Iskenderun's Mystic Bla  Conj/Tloc      0%         2d3       98%         4
 Leda's Liquefaction      Hex/Erth       0%         N/A       98%         4
 Passage of Golubria      Tloc           N/A        N/A       98%         4
 Petrify                  Tmut/Erth      0%         N/A       98%         4
 Summon Ice Beast         Ice/Summ       0%         N/A       98%         4
 Irradiate                Conj/Tmut      0%         3d14      100%        5
 Lee's Rapid Deconstruct  Erth           0%         3d5*      100%        5
 Manifold Assault         Tloc           0%         N/A       100%        5
 Blade Hands              Tmut           0%         N/A       100%        6
 Freezing Cloud           Conj/Ice/Air   0%         6-21      100%        6
 Invisibility             Hex            0%         N/A       100%        6
 Iron Shot                Conj/Erth      0%         9d1       100%        6
 Simulacrum               Ice/Necr       0%         N/A       100%        6
 Statue Form              Tmut/Erth      0%         N/A       100%        6
 Dragon Form              Tmut           0%         N/A       100%        7
 Malign Gateway           Summ/Tloc      0%         N/A       100%        7
 Ozocubu's Refrigeration  Ice            0%         4d5       100%        7
 Summon Hydra             Summ           0%         N/A       100%        7
 Borgnjor's Revivificati  Necr           0%         N/A       100%        8
 Infestation              Necr           0%         N/A       100%        8
 Necromutation            Tmut/Necr      0%         N/A       100%        8
 Death's Door             Necr           0%         N/A       100%        9


Dungeon Overview and Level Annotations

Branches:
Dungeon (1/1)

Altars:
Ashenzari
Cheibriados
Dithmenos
Elyvilon
Fedhas
Gozag
Hepliaklqana
Kikubaaqudgha
Makhleb
Nemelex Xobeh
Okawaru
Qazlal
Ru
Sif Muna
Trog
Uskayaw
Vehumet
Wu Jian
Xom
Yredelemnul
Zin
The Shining One
Beogh
Jiyva
Lugonu


Innate Abilities, Weirdness & Mutations

You cannot wear most types of armour.
You are amphibious.
You can wear up to eight rings at the same time.
Your skin changes colour to match your surroundings (Stealth+).
Your rubbery body absorbs attacks. (AC +1, EV +1)
((You are camouflaged near water. (Stealth+)))
You have tentacles for arms and can constrict up to eight enemies at once.
You have a pair of small antennae on your head.
One of your tentacles bears a spike.
You are partially covered in large bone plates. (SH +4)
You are somewhat resistant to further mutation.
You are resistant to electric shocks. (rElec)
You have acidic saliva.
Your body has grown golden eyes which may confuse attackers. (Acc +3)
Armour fits poorly on your pseudopods.
You are covered in slimy tendrils that may disarm your opponents.
You expend magic power (3 MP) to strengthen your wands.
Your melee attacks may engulf your foes in ooze.


Message History

You hear a distant slurping noise.
You feel better.
You slash the orc knight! You drain the orc knight. You grab the orc knight.
You pierce the orc knight.
The orc knight is severely wounded.
You constrict the orc knight.
The orc knight is asphyxiated!
You block the orc knight's attack. You block the ogre mage's attack.
You hear a distant slurping noise.
You feel better.
The ogre is engulfed in a cloud of scalding steam.
You slice the orc knight!!
You kill the orc knight!
You slash the orc sorcerer! You drain the orc sorcerer.
You closely miss the sun demon. You hit the stone giant.
You drain the stone giant.
You are engulfed in a cloud of scalding steam.
You block the ogre mage's attack.
The orc sorcerer gestures at you while chanting.
The bolt of fire misses you.
You hear a distant slurping noise.
Jiyva appreciates your sacrifice.
You feel better. The sun demon hits you!!
You are engulfed in flames!
Your Axes skill increases to level 16!
You hit the orc sorcerer but do no damage.
You grab the orc sorcerer.
You pierce the orc sorcerer.
You bludgeon the orc sorcerer, but do no damage.
You squeeze the orc sorcerer, but do no damage.
The orc sorcerer is heavily wounded.
You slash the stone giant! You drain the stone giant.
You closely miss the sun demon.
You are engulfed in a cloud of scalding steam.
You constrict the orc sorcerer. You block the stone giant's attack.
The orc warrior hits you from afar with a +0 halberd!
You block the ogre mage's attack.
The orc sorcerer struggles to escape constriction.
The sun demon hits you!!
* * * LOW HITPOINT WARNING * * *
You shudder from the blow and a jelly pops out!
You are engulfed in flames!
You die...

, , ,▓...8©8...▓.. ,
▓..)|.}[:.▓.........▓..
,
▓..))=}}..▓.........▓..
▓.........▓.........▓))
,
▓.........▓.........▓..
* * ▓.....O§3
▓........J▓.. 8
▓...OoOo3.▓.........▓..
, ,
▓..▓.3C▓4.▓.........▓.▓
▓.▓.oo@)▓.▓.▓.....▓.▓..
8▓....§..J.▓....©....▓▓▓
8▓▓▓▓▓▓▓▓▓▓▓▓▓▓▓▓▓▓▓▓▓
** * * , , , , ,, , , ,
, , , , , , , , ,, , , ,
, * , , , , , , ,


You could see a stone giant (drained), an orc knight (strong), an orc high
priest (strong), an ogre mage, a sun demon (summoned, ally target), a rust devil
(summoned, corroded), a smoke demon (summoned), an orc sorcerer (strong,
drained), an orc warrior (strong), 2 ogres and a friendly acid blob (summoned).

Vanquished Creatures
  3 vault guards (D)
  A wizard (D)
  An orc knight (D)
  An oklob plant (D)
  A vault sentinel (D)
  2 cane toads (D)
  A yaktaur (D)
  3 merfolk (D)
  4 wind drakes (D)
  A hornet (D)
  A blink frog (D)
  A ynoxinul (D)
  3 spriggans (D)
  A tarantella (D)
  A yak (D)
  A basilisk (D)
  A warg (D)
  3 water moccasins (D)
  A naga (D)
  An ice beast (D)
  2 black bears (D)
  An ogre (D)
  2 centaurs (D)
  A wolf (D)
  2 bullfrogs (D)
  3 scorpions (D)
  2 quasits (D)
  An iron imp (D)
  A shadow imp (D)
  2 white imps (D)
  2 ufetubi (D)
  2 ball pythons (D)
  A jackal zombie (D)
  2 starspawn tentacles (D)
56 creatures vanquished.

Vanquished Creatures (collateral kills)
  A tentacled starspawn (D)
  A naga mage (D)
  3 yaktaurs (D)
  A polar bear (D)
  A centaur (D)
  A crimson imp (D)
  A quasit (D)
  A white imp (D)
10 creatures vanquished.

Vanquished Creatures (others)
  An acid blob (shapeshifter) (D)
  An azure jelly (shapeshifter) (D)
  A fire giant (shapeshifter) (D)
  A dire elephant (shapeshifter) (D)
  An eleionoma (shapeshifter) (D)
  A boulder beetle (shapeshifter) (D)
  A hydra (shapeshifter) (D)
  An anaconda (shapeshifter) (D)
  A goliath frog (shapeshifter) (D)
  A glowing orange brain (shapeshifter) (D)
  2 shining eyes (shapeshifter) (D)
  A faun (shapeshifter) (D)
  A glowing shapeshifter (D)
  An orb spider (shapeshifter) (D)
  2 wolf spiders (shapeshifter) (D)
  A mana viper (shapeshifter) (D)
  A water nymph (shapeshifter) (D)
  An eye of devastation (shapeshifter) (D)
  2 yaktaurs (shapeshifter) (D)
  A rime drake (shapeshifter) (D)
  2 komodo dragons (shapeshifter) (D)
  3 jumping spiders (shapeshifter) (D)
  2 slime creatures (D)
  A slime creature (shapeshifter) (D)
  A spriggan (shapeshifter) (D)
  A golden eye (shapeshifter) (D)
  2 tarantellas (shapeshifter) (D)
  A human (shapeshifter) (D)
  A wyvern (shapeshifter) (D)
  2 swamp worms (shapeshifter) (D)
  An acid dragon (shapeshifter) (D)
  2 floating eyes (shapeshifter) (D)
  9 jellies (D)
  A river rat (shapeshifter) (D)
  An endoplasm (D)
  2 ball python zombies (D)
  A quokka skeleton (D)
  2 starspawn tentacles (D)
58 creatures vanquished.

Grand Total: 124 creatures vanquished

Notes
Turn   | Place    | Note
-------+----------+-------------------------------------------
     0 | D        | Zeld the Octopode Fighter began the quest for the Orb.
     0 | D        | Reached XP level 1. HP: 16/16 MP: 1/1
     7 | D        | Found a blossoming altar of Fedhas.
     8 | D        | Found the +6 Majin-Bo {vamp, MP+6 Int+6}
     8 | D        | Found the +9 heavy crossbow "Sniper" {vorpal, Acc+∞ SInv}
     8 | D        | Found the +10 dark maul {vorpal}
     8 | D        | Found the +15 Maxwell's patent armour {-Cast -Tele rElec
                  | Will+ rCorr}
     8 | D        | Found the +18 shield of the Gong {rElec rN+ Will+ EV-5}
     8 | D        | Found the +14 obsidian axe {vorpal, Drain Fly SInv}
     8 | D        | Found the +7 great mace "Firestarter" {inner flame, rF++}
     8 | D        | Found the +6 shillelagh "Devastator" {shatter}
     8 | D        | Found the +11 plutonium sword {Contam Stlth-}
     8 | D        | Found the +8 lance "Wyrmbane" {slay drac, rPois rF+ rC+
                  | AC+3}
     8 | D        | Found the +9 sword of Zonguldrok {reap}
     8 | D        | Found the +13 scythe of Curses {drain, Drain}
     8 | D        | Found the +5 sword of Power {vorpal}
     8 | D        | Found the +7 mace of Variability {chain chaos}
     8 | D        | Found the +7 Singing Sword {vorpal, sonic wave}
     8 | D        | Found the +8 storm bow {elec, penet}
    11 | D        | Found a viscous altar of Jiyva.
    11 | D        | Found a hazy altar of Hepliaklqana.
    11 | D        | Found a transporter.
    11 | D        | Found an opulent altar of Gozag.
    11 | D        | Found an ancient bone altar of Kikubaaqudgha.
    11 | D        | Found a corrupted altar of Lugonu.
    15 | D        | Found a burning altar of Makhleb.
    17 | D        | Found a sacrificial altar of Ru.
    17 | D        | Found a shimmering blue altar of Sif Muna.
    17 | D        | Found a stormy altar of Qazlal.
    17 | D        | Found a bloodstained altar of Trog.
    17 | D        | Found an iron altar of Okawaru.
    17 | D        | Found a sparkling altar of Nemelex Xobeh.
    21 | D        | Reached skill level 5 in Fighting
    21 | D        | Reached skill level 5 in Shields
    21 | D        | Reached XP level 2. HP: 24/24 MP: 2/2
    52 | D        | Became a worshipper of Jiyva Jublogef the Shapeless
    52 | D        | Reached * piety under Jiyva
    52 | D        | Reached ** piety under Jiyva
    52 | D        | Reached *** piety under Jiyva
    52 | D        | Gained mutation: You are somewhat resistant to further
                  | mutation. [Jiyva's grace]
    52 | D        | Reached **** piety under Jiyva
    52 | D        | Gained mutation: You have a small jelly attached to you
                  | that senses nearby items. [Jiyva's grace]
    52 | D        | Reached ***** piety under Jiyva
    52 | D        | Gained mutation: Your spells are a little harder to cast,
                  | but a little more powerful. [Jiyva's grace]
    52 | D        | Gained mutation: You are partially covered in iridescent
                  | scales. (AC +2) [Jiyva's grace]
    52 | D        | Reached ****** piety under Jiyva
    52 | D        | Gained mutation: One of your tentacles bears a spike.
                  | [Jiyva's grace]
    53 | D        | Killed a glowing shapeshifter
    54 | D        | Killed a shining eye
    54 | D        | Killed a golden eye
    55 | D        | Entered arena 2.
    55 | D        | Noticed an ice beast
    55 | D        | Noticed a polar bear
    55 | D        | Killed a shining eye
    55 | D        | Killed a slime creature
    55 | D        | Gained mutation: You are dopey. (Int -2) [Jiyva's grace]
    55 | D        | Lost mutation: You are dopey. (Int -2) [Jiyva's grace]
    55 | D        | Killed a slime creature
    55 | D        | Found a transporter.
    56 | D        | Gained mutation: Your body has grown golden eyes which may
                  | confuse attackers. (Acc +3) [Jiyva's grace]
    56 | D        | Gained mutation: You possess an exceptional clarity of
                  | mind. [Jiyva's grace]
    56 | D        | Gained mutation: You are covered in slimy tendrils that may
                  | disarm your opponents. [Jiyva's grace]
    56 | D        | Lost mutation: You possess an exceptional clarity of mind.
                  | [Jiyva's grace]
    56 | D        | Killed a spriggan
    56 | D        | Lost mutation: One of your tentacles bears a spike.
                  | [Jiyva's grace]
    57 | D        | Gained mutation: You are agile. (Dex +2) [Jiyva's grace]
    57 | D        | Gained mutation: Armour fits poorly on your pseudopods.
                  | [Jiyva's grace]
    57 | D        | Gained mutation: You possess an exceptional clarity of
                  | mind. [Jiyva's grace]
    57 | D        | Lost mutation: Your spells are a little harder to cast, but
                  | a little more powerful. [Jiyva's grace]
    57 | D        | Lost mutation: You are agile. (Dex +2) [Jiyva's grace]
    57 | D        | Lost mutation: Armour fits poorly on your pseudopods.
                  | [Jiyva's grace]
    57 | D        | Gained mutation: Your muscles are strong. (Str +2) [Jiyva's
                  | grace]
    57 | D        | Killed a komodo dragon
    57 | D        | Lost mutation: You are somewhat resistant to further
                  | mutation. [Jiyva's grace]
    57 | D        | Gained mutation: You evolve. [Jiyva's grace]
    57 | D        | Killed a boulder beetle
    58 | D        | Killed an ice beast
    58 | D        | Gained mutation: You have very sharp teeth. [Jiyva's grace]
    58 | D        | Lost mutation: You evolve. [Jiyva's grace]
    58 | D        | Lost mutation: You possess an exceptional clarity of mind.
                  | [Jiyva's grace]
    58 | D        | Lost mutation: Your muscles are strong. (Str +2) [Jiyva's
                  | grace]
    58 | D        | Gained mutation: Your flesh is heat resistant. (rF+)
                  | [Jiyva's grace]
    58 | D        | Killed a polar bear
    59 | D        | Reached XP level 3. HP: 33/33 MP: 3/3
    59 | D        | Reached XP level 4. HP: 39/39 MP: 4/4
    59 | D        | Reached XP level 5. HP: 44/44 MP: 5/5
    59 | D        | Reached XP level 6. HP: 50/50 MP: 6/6
    59 | D        | Killed an orb spider
    59 | D        | Killed an azure jelly
    59 | D        | Gained mutation: You are covered in fur. (AC +1) [Jiyva's
                  | grace]
    60 | D        | Lost mutation: You are covered in slimy tendrils that may
                  | disarm your opponents. [Jiyva's grace]
    60 | D        | Lost mutation: You are partially covered in iridescent
                  | scales. (AC +2) [Jiyva's grace]
    61 | D        | Lost mutation: Your flesh is heat resistant. (rF+) [Jiyva's
                  | grace]
    61 | D        | Gained mutation: Your system is resistant to poisons.
                  | (rPois) [Jiyva's grace]
    62 | D        | Lost mutation: Your system is resistant to poisons. (rPois)
                  | [Jiyva's grace]
    63 | D        | Killed a swamp worm
    64 | D        | Gained mutation: You expend magic power (3 MP) to
                  | strengthen your wands. [Jiyva's grace]
    64 | D        | Gained mutation: You are robust. (+10% HP) [Jiyva's grace]
    64 | D        | Lost mutation: You expend magic power (3 MP) to strengthen
                  | your wands. [Jiyva's grace]
    64 | D        | Gained mutation: Armour fits poorly on your pseudopods.
                  | [Jiyva's grace]
    66 | D        | Lost mutation: You are covered in fur. (AC +1) [Jiyva's
                  | grace]
    66 | D        | Lost mutation: You are robust. (+10% HP) [Jiyva's grace]
    66 | D        | Lost mutation: You have very sharp teeth. [Jiyva's grace]
    66 | D        | Gained mutation: You are agile. (Dex +2) [Jiyva's grace]
    66 | D        | Lost mutation: You are agile. (Dex +2) [Jiyva's grace]
    66 | D        | Gained mutation: Your body sometimes deteriorates upon
                  | taking damage. [Jiyva's grace]
    66 | D        | Gained mutation: Your pliable body absorbs attacks. (AC +2,
                  | EV +2) [Jiyva's grace]
    67 | D        | Killed a rime drake
    67 | D        | Lost mutation: Your body sometimes deteriorates upon taking
                  | damage. [Jiyva's grace]
    68 | D        | Killed a yaktaur
    68 | D        | Killed a water nymph
    68 | D        | Killed a jumping spider
    68 | D        | Killed an eye of devastation
    69 | D        | Entered arena 3.
    69 | D        | Killed a tarantella
    69 | D        | Found a transporter.
    70 | D        | Gained mutation: You are strong-willed. (Will+) [Jiyva's
                  | grace]
    70 | D        | Killed a wolf spider
    70 | D        | Killed a mana viper
    71 | D        | Gained mutation: You sometimes lose the ability to read
                  | scrolls when taking damage. [Jiyva's grace]
    72 | D        | Gained mutation: One of your tentacles bears a spike.
                  | [Jiyva's grace]
    72 | D        | Killed a tarantella
    73 | D        | Gained mutation: Your mind is acute. (Int +2) [Jiyva's
                  | grace]
    73 | D        | Gained mutation: You are robust. (+10% HP) [Jiyva's grace]
    73 | D        | Lost mutation: One of your tentacles bears a spike.
                  | [Jiyva's grace]
    73 | D        | Gained mutation: You have a small jelly attached to you
                  | that may absorb incoming projectiles. [Jiyva's grace]
    74 | D        | Killed a jumping spider
    75 | D        | Gained mutation: You are covered in slimy tendrils that may
                  | disarm your opponents. [Jiyva's grace]
    75 | D        | Killed a wyvern
    77 | D        | Killed a swamp worm
    78 | D        | Killed an anaconda
    79 | D        | Lost mutation: You are covered in slimy tendrils that may
                  | disarm your opponents. [Jiyva's grace]
    79 | D        | Lost mutation: You are strong-willed. (Will+) [Jiyva's
                  | grace]
    80 | D        | Gained mutation: You passively map a small area around you.
                  | [Jiyva's grace]
    80 | D        | Killed a dire elephant
    81 | D        | Killed a human
    82 | D        | Killed an acid dragon
    83 | D        | Killed a yaktaur
    84 | D        | Killed a wolf spider
    84 | D        | Killed a komodo dragon
    85 | D        | Gained mutation: You are very robust. (+20% HP) [Jiyva's
                  | grace]
    85 | D        | Killed a faun
    86 | D        | Killed a floating eye
    86 | D        | Killed a glowing orange brain
    86 | D        | Killed a goliath frog
    87 | D        | Gained mutation: You are partially covered in iridescent
                  | scales. (AC +2) [Jiyva's grace]
    87 | D        | Lost mutation: Your body has grown golden eyes which may
                  | confuse attackers. (Acc +3) [Jiyva's grace]
    87 | D        | Killed an eleionoma
    90 | D        | Entered arena 4.
    90 | D        | Noticed a yaktaur
    90 | D        | Noticed a yaktaur
    90 | D        | Noticed a yaktaur
    90 | D        | Killed a fire giant
    90 | D        | Killed an acid blob
    90 | D        | Found a transporter.
    91 | D        | Gained mutation: You have acidic saliva. [Jiyva's grace]
    91 | D        | Gained mutation: You have a pair of small antennae on your
                  | head. [Jiyva's grace]
    91 | D        | Killed a floating eye
    92 | D        | Lost mutation: You have acidic saliva. [Jiyva's grace]
    96 | D        | Killed a yaktaur
    96 | D        | Lost mutation: You sometimes lose the ability to read
                  | scrolls when taking damage. [Jiyva's grace]
    97 | D        | Killed a yaktaur
    97 | D        | Killed a five-headed hydra
    98 | D        | Reached skill level 10 in Fighting
    98 | D        | Reached XP level 7. HP: 60/70 MP: 7/7
    98 | D        | Killed a yaktaur
    98 | D        | Killed a jumping spider
    99 | D        | Reached skill level 10 in Axes
    99 | D        | Reached skill level 10 in Shields
    99 | D        | Reached XP level 8. HP: 72/78 MP: 8/8
   101 | D        | Got the Papyrus of the Known World
   101 | D        | Lost mutation: You are partially covered in iridescent
                  | scales. (AC +2) [Jiyva's grace]
   103 | D        | Lost mutation: You passively map a small area around you.
                  | [Jiyva's grace]
   108 | D        | Entered arena 5.
   108 | D        | Noticed a tarantella
   108 | D        | Found a transporter.
   109 | D        | Gained mutation: You are partially covered in iridescent
                  | scales. (AC +2) [Jiyva's grace]
   111 | D        | Gained mutation: Your melee attacks may engulf your foes in
                  | ooze. [Jiyva's grace]
   111 | D        | Gained mutation: You are mostly covered in iridescent
                  | scales. (AC +4) [Jiyva's grace]
   115 | D        | Lost mutation: Your pliable body absorbs attacks. (AC +2,
                  | EV +2) [Jiyva's grace]
   119 | D        | Killed a tarantella
   119 | D        | Gained mutation: You possess an exceptional clarity of
                  | mind. [Jiyva's grace]
   122 | D        | Gained mutation: You have acidic saliva. [Jiyva's grace]
   123 | D        | Gained mutation: Your spells are a little harder to cast,
                  | but a little more powerful. [Jiyva's grace]
   123 | D        | Lost mutation: You have a pair of small antennae on your
                  | head. [Jiyva's grace]
   125 | D        | Gained mutation: Your mind is very acute. (Int +4) [Jiyva's
                  | grace]
   126 | D        | Lost mutation: You possess an exceptional clarity of mind.
                  | [Jiyva's grace]
   129 | D        | Lost mutation: You are mostly covered in iridescent scales.
                  | (AC +4) [Jiyva's grace]
   130 | D        | Entered arena 6.
   130 | D        | Found a transporter.
   132 | D        | Lost mutation: Your mind is very acute. (Int +4) [Jiyva's
                  | grace]
   135 | D        | Gained mutation: You are weak. (Str -2) [Jiyva's grace]
   139 | D        | Gained mutation: You expend magic power (3 MP) to
                  | strengthen your wands. [Jiyva's grace]
   145 | D        | Lost mutation: You are weak. (Str -2) [Jiyva's grace]
   149 | D        | Lost mutation: Your mind is acute. (Int +2) [Jiyva's grace]
   151 | D        | Entered arena 7.
   151 | D        | Noticed a tentacled starspawn
   151 | D        | Noticed a ynoxinul
   152 | D        | Found the +3 Elemental Staff {rElec rF++ rC++ Will++ AC+5}
   152 | D        | Found a transporter.
   152 | D        | Lost mutation: You expend magic power (3 MP) to strengthen
                  | your wands. [Jiyva's grace]
   153 | D        | Gained mutation: You expend magic power (3 MP) to
                  | strengthen your wands. [Jiyva's grace]
   153 | D        | Lost mutation: Your melee attacks may engulf your foes in
                  | ooze. [Jiyva's grace]
   155 | D        | Lost mutation: You are partially covered in iridescent
                  | scales. (AC +2) [Jiyva's grace]
   156 | D        | Gained mutation: You are extremely robust. (+30% HP)
                  | [Jiyva's grace]
   158 | D        | Killed a ynoxinul
   159 | D        | Lost mutation: You expend magic power (3 MP) to strengthen
                  | your wands. [Jiyva's grace]
   160 | D        | Killed a tentacled starspawn
   161 | D        | Reached XP level 9. HP: 87/97 MP: 9/9
   166 | D        | Lost mutation: You are extremely robust. (+30% HP) [Jiyva's
                  | grace]
   171 | D        | Gained mutation: Your flesh is heat resistant. (rF+)
                  | [Jiyva's grace]
   177 | D        | Gained mutation: You sometimes lose the ability to read
                  | scrolls when taking damage. [Jiyva's grace]
   181 | D        | Entered arena 8.
   181 | D        | Noticed a naga mage
   182 | D        | Found a transporter.
   182 | D        | Gained mutation: Your pliable body absorbs attacks. (AC +2,
                  | EV +2) [Jiyva's grace]
   186 | D        | Gained mutation: Your muscles are strong. (Str +2) [Jiyva's
                  | grace]
   193 | D        | Gained mutation: You possess an exceptional clarity of
                  | mind. [Jiyva's grace]
   194 | D        | Killed a naga mage
   195 | D        | Reached XP level 10. HP: 70/98 MP: 10/10
   196 | D        | Lost mutation: Armour fits poorly on your pseudopods.
                  | [Jiyva's grace]
   198 | D        | Gained mutation: Your spells are harder to cast, but more
                  | powerful. [Jiyva's grace]
   201 | D        | Gained mutation: You are somewhat resistant to further
                  | mutation. [Jiyva's grace]
   205 | D        | Lost mutation: You have a small jelly attached to you that
                  | may absorb incoming projectiles. [Jiyva's grace]
   205 | D        | Gained mutation: You are extremely robust. (+30% HP)
                  | [Jiyva's grace]
   209 | D        | Gained mutation: You have a small jelly attached to you
                  | that may absorb incoming projectiles. [Jiyva's grace]
   211 | D        | Gained mutation: You are strong-willed. (Will+) [Jiyva's
                  | grace]
   212 | D        | Lost mutation: You sometimes lose the ability to read
                  | scrolls when taking damage. [Jiyva's power]
   213 | D        | Lost mutation: You are extremely robust. (+30% HP) [Jiyva's
                  | grace]
   214 | D        | Lost mutation: Your flesh is heat resistant. (rF+) [Jiyva's
                  | grace]
   217 | D        | Lost mutation: Your muscles are strong. (Str +2) [Jiyva's
                  | grace]
   219 | D        | Entered arena 9.
   219 | D        | Noticed a spriggan rider
   220 | D        | Found a transporter.
   222 | D        | Gained mutation: Your mind is acute. (Int +2) [Jiyva's
                  | grace]
   223 | D        | Gained mutation: Your melee attacks may engulf your foes in
                  | ooze. [Jiyva's grace]
   223 | D        | Lost mutation: Your spells are harder to cast, but more
                  | powerful. [Jiyva's grace]
   223 | D        | Gained mutation: Your body has grown golden eyes which may
                  | confuse attackers. (Acc +3) [Jiyva's grace]
   225 | D        | Lost mutation: You are very robust. (+20% HP) [Jiyva's
                  | grace]
   230 | D        | Lost mutation: Your pliable body absorbs attacks. (AC +2,
                  | EV +2) [Jiyva's grace]
   231 | D        | Lost mutation: Your spells are a little harder to cast, but
                  | a little more powerful. [Jiyva's grace]
   236 | D        | Lost mutation: You possess an exceptional clarity of mind.
                  | [Jiyva's grace]
   237 | D        | Gained mutation: Your body has grown many golden eyes which
                  | may confuse attackers. (Acc +5) [Jiyva's grace]
   238 | D        | Gained mutation: You are partially covered in large bone
                  | plates. (SH +4) [Jiyva's grace]
   241 | D        | Lost mutation: You have a small jelly attached to you that
                  | senses nearby items. [Jiyva's grace]
   241 | D        | Lost mutation: You are somewhat resistant to further
                  | mutation. [Jiyva's grace]
   241 | D        | Gained mutation: You evolve. [Jiyva's grace]
   244 | D        | Gained mutation: Your muscles are strong. (Str +2) [Jiyva's
                  | grace]
   248 | D        | Gained mutation: Your pliable body absorbs attacks. (AC +2,
                  | EV +2) [Jiyva's grace]
   249 | D        | Entered arena 10.
   249 | D        | Noticed a wizard
   249 | D        | Noticed a vault guard
   249 | D        | Noticed a vault guard
   249 | D        | Noticed a yaktaur captain
   249 | D        | Noticed a vault sentinel
   249 | D        | Gained mutation: You are very robust. (+20% HP) [Jiyva's
                  | grace]
   250 | D        | Noticed a vault guard
   250 | D        | Gained mutation: You are partially covered in iridescent
                  | scales. (AC +2) [Jiyva's grace]
   250 | D        | Gained mutation: Your muscles are very strong. (Str +4)
                  | [Jiyva's grace]
   251 | D        | Slimified a yaktaur captain
   251 | D        | a yaktaur captain changed into a slime creature
   251 | D        | Lost mutation: You are partially covered in iridescent
                  | scales. (AC +2) [Jiyva's grace]
   251 | D        | Lost mutation: Your muscles are very strong. (Str +4)
                  | [Jiyva's grace]
   251 | D        | Gained mutation: You have a pair of small antennae on your
                  | head. [Jiyva's grace]
   253 | D        | Killed a vault guard
   255 | D        | Gained mutation: You are resistant to electric shocks.
                  | (rElec) [Jiyva's grace]
   256 | D        | Killed a vault guard
   256 | D        | Killed a wizard
   259 | D        | Lost mutation: Your body has grown many golden eyes which
                  | may confuse attackers. (Acc +5) [Jiyva's grace]
   260 | D        | Killed a vault sentinel
   260 | D        | Lost mutation: Your body has grown golden eyes which may
                  | confuse attackers. (Acc +3) [Jiyva's grace]
   262 | D        | Reached XP level 11. HP: 108/108 MP: 11/11
   263 | D        | Killed a vault guard
   264 | D        | Reached skill level 15 in Fighting
   264 | D        | Reached skill level 15 in Shields
   275 | D        | Lost mutation: You are very robust. (+20% HP) [Jiyva's
                  | grace]
   283 | D        | Lost mutation: You evolve. [Jiyva's grace]
   284 | D        | Found a transporter.
   292 | D        | Lost mutation: Your mind is acute. (Int +2) [Jiyva's grace]
   293 | D        | Entered arena 11.
   294 | D        | Found a transporter.
   305 | D        | Gained mutation: You passively map a small area around you.
                  | [Jiyva's grace]
   305 | D        | Lost mutation: You are robust. (+10% HP) [Jiyva's grace]
   307 | D        | Reached skill level 15 in Axes
   307 | D        | Gained mutation: Your flesh is heat resistant. (rF+)
                  | [Jiyva's grace]
   307 | D        | Gained mutation: You expend magic power (3 MP) to
                  | strengthen your wands. [Jiyva's grace]
   307 | D        | Lost mutation: You have a small jelly attached to you that
                  | may absorb incoming projectiles. [Jiyva's grace]
   307 | D        | Lost mutation: Your pliable body absorbs attacks. (AC +2,
                  | EV +2) [Jiyva's grace]
   311 | D        | Lost mutation: Your muscles are strong. (Str +2) [Jiyva's
                  | grace]
   333 | D        | Gained mutation: You are somewhat resistant to further
                  | mutation. [Jiyva's grace]
   340 | D        | Got Wilivuw's Reference Book on Scorching Stones
   359 | D        | Lost mutation: You are somewhat resistant to further
                  | mutation. [Jiyva's grace]
   360 | D        | Entered arena 12.
   361 | D        | Noticed an oklob plant
   362 | D        | Found a transporter.
   370 | D        | Gained mutation: Armour fits poorly on your pseudopods.
                  | [Jiyva's grace]
   382 | D        | Gained mutation: One of your tentacles bears a spike.
                  | [Jiyva's grace]
   394 | D        | Gained mutation: You have a small jelly attached to you
                  | that may absorb incoming projectiles. [Jiyva's grace]
   403 | D        | Gained mutation: One of your tentacles bears a nasty spike.
                  | [Jiyva's grace]
   405 | D        | Lost mutation: Your flesh is heat resistant. (rF+) [Jiyva's
                  | grace]
   407 | D        | Lost mutation: You are strong-willed. (Will+) [Jiyva's
                  | grace]
   408 | D        | Killed an oklob plant
   408 | D        | Lost mutation: You have a small jelly attached to you that
                  | may absorb incoming projectiles. [Jiyva's grace]
   410 | D        | Gained mutation: You are covered in slimy tendrils that may
                  | disarm your opponents. [Jiyva's grace]
   411 | D        | Gained mutation: You are somewhat resistant to further
                  | mutation. [Jiyva's grace]
   413 | D        | Gained mutation: Your body has grown golden eyes which may
                  | confuse attackers. (Acc +3) [Jiyva's grace]
   413 | D        | Gained mutation: You are clumsy. (Dex -2) [Jiyva's grace]
   416 | D        | Lost mutation: You are clumsy. (Dex -2) [Jiyva's grace]
   417 | D        | Got the ring "Lyrohuos" {rPois Will+}
   428 | D        | Lost mutation: One of your tentacles bears a nasty spike.
                  | [Jiyva's grace]
   433 | D        | Entered arena 13.
   433 | D        | Noticed an orc knight
   433 | D        | Noticed a stone giant
   433 | D        | Noticed an orc knight
   433 | D        | Noticed an orc high priest
   434 | D        | Noticed an ogre mage
   436 | D        | Noticed an orc sorcerer
   438 | D        | Noticed a sun demon
   438 | D        | Lost mutation: You passively map a small area around you.
                  | [Jiyva's grace]
   444 | D        | Killed an orc knight
   445 | D        | Slain by a sun demon

Illustrated notes

Levels and vault maps discovered:
D:        sprint_v [room_start, room_1, room_2, room_3, room_4, room_5, room_6,
          room_7, room_8, room_9, room_10, room_11, room_12, room_13, room_14,
          room_15, room_16, room_17, room_18, room_19, room_20, room_21,
          room_22, room_23, room_24, room_25, room_26, room_27]

Skill      XL: |  1  2  3  4  5  6  7  8  9 10 11 |
---------------+----------------------------------+-----
Fighting       | 5 8 10 12 13 14 16 | 16.1
Axes           | 4 7 9 10 12 13 14 16 | 16.0
Shields        | 5 8 9 10 12 13 14 16 | 16.1
Dodging        | |  3.0

Action                   |  1- 3 |  4- 6 |  7- 9 | 10-12 || total
-------------------------+-------+-------+-------+-------++-------
Melee: Broad axe         |     2 |     4 |    26 |    57 ||    89
       Tentacles         |     1 |       |     6 |    15 ||    22
       Pseudopods        |       |     2 |     7 |     1 ||    10
       Constrict         |       |       |     2 |    13 ||    15
       Bite              |       |       |       |    12 ||    12
       Kick              |       |       |       |     4 ||     4
Invok: Slimify           |       |       |     1 |     2 ||     3
       Cure Bad Mutation |       |       |       |     3 ||     3
       Request Jelly     |       |       |       |     7 ||     7
Evoke: Wand              |       |       |       |     3 ||     3
  Use: Potion            |     1 |     2 |     2 |    13 ||    18
       Scroll            |       |       |       |     6 ||     6
 Stab: Confused          |       |       |       |     1 ||     1
       Invisible         |       |       |       |     3 ||     3
Armor: Skin              |     2 |     3 |     3 |     3 ||    11
Dodge: Dodged            |     4 |     2 |    16 |    29 ||    51
Block: Tower shield      |     4 |    17 |    37 |   135 ||   193

Table legend: (Time is in decaauts)
 A = Elapsed time spent in this place.
 B = Non-inter-level travel time spent in this place.
 C = Inter-level travel time spent in this place.
 D = Time resting spent in this place.
 E = Time spent auto-exploring this place.
 F = Levels seen in this place.
 G = Mean time per level.
                   A        B        C        D        E       F      G
               +--------+--------+--------+--------+--------+-----+--------+
         Total |    442 |    442 |      0 |     74 |      0 |   1 |  442.0 |
       Dungeon |    442 |    442 |      0 |     74 |      0 |   1 |  442.0 |
               +--------+--------+--------+--------+--------+-----+--------+

Top non-repeatable levels by time:
       D: 442 daAuts
